 Dungeon Crawl Stone Soup version 0.24-a0-446-g87df720 (webtiles) character file.

Game seed: 2205637450863538880

60677 Bitman the Bludgeoner (level 14, -19/135 HPs)
             Began as a Minotaur Berserker on June 19, 2019.
             Was the Champion of Trog.
             Demolished by a tyrant leech (26 damage)
             ... on level 6 of the Lair of Beasts on June 23, 2019.
             The game lasted 01:32:27 (16040 turns).

Bitman the Bludgeoner (Minotaur Berserker)         Turns: 16040, Time: 01:32:29

Health: -19/135    AC: 24    Str: 30    XL:     14   Next: 57%
Magic:  14/14      EV: 13    Int:  4    God:    Trog [******]
Gold:   1667       SH: 14    Dex: 11    Spells: 13/13 levels left

rFire    . . .     SeeInvis +   Q - +0 eveningstar (flame)
rCold    . . .     Gourm    .   E - +0 shield
rNeg     . . .     Faith    .   O - +1 plate armour
rPois    .         Spirit   .   H - +1 hat {SInv}
rElec    .         Reflect  .   r - +0 cloak
rCorr    .         Harm     +   N - +0 pair of gloves "Zyextit" {Str+4}
MR       ++...                  P - +1 pair of boots {Fly}
Stlth    ..........             L - amulet of harm
HPRegen  0.32/turn              C - +3 ring of evasion
MPRegen  0.14/turn              d - ring of protection from magic

@: berserk cooldown, slowed, very slow
A: retaliatory headbutt, horns 2
a: Berserk, Trog's Hand, Brothers in Arms, Renounce Religion, Evoke Flight


You were on level 6 of the Lair of Beasts.
You worshipped Trog.
Trog was exalted by your worship.
You were not hungry.

You visited 2 branches of the dungeon, and saw 17 of its levels.

You collected 1667 gold pieces.

Inventory:

Hand Weapons
 D - a +1 fustibalus of velocity
 Q - a +0 eveningstar of flaming (weapon)
Missiles
 x - 5 silver javelins (quivered)
 I - 47 sling bullets
 S - 3 throwing nets
Armour
 r - a +0 cloak (worn)
 E - a +0 shield (worn)
 F - a +0 large shield
 H - a +1 hat of see invisible (worn)
 N - the +0 pair of gloves "Zyextit" (worn) {Str+4}
   (You found it on level 10 of the Dungeon)

   It affects your strength (+4).
 O - a +1 plate armour (worn)
 P - a +1 pair of boots of flying (worn)
Jewellery
 d - a ring of protection from magic (right hand)
 e - an uncursed ring of flight
 g - a cursed ring of attention {unknown}
 y - a cursed ring of attention {unknown}
 C - a +3 ring of evasion (left hand)
 L - an amulet of harm (around neck)
 R - an uncursed ring of protection from fire
Wands
 m - a wand of iceblast (6)
 q - a wand of polymorph (11)
 J - a wand of acid (24)
 K - a wand of random effects (20)
 M - a wand of enslavement (15)
 U - a wand of digging (4)
 V - a wand of scattershot (4)
 X - a wand of paralysis (12)
Scrolls
 f - 8 scrolls of teleportation
 h - 7 scrolls of identify
 l - 2 scrolls of enchant weapon
 s - a scroll of magic mapping
 v - 8 scrolls of fear
 z - 8 scrolls of remove curse
 T - a scroll of enchant armour
Potions
 a - a potion of ambrosia {unknown}
 b - 2 potions of mutation {unknown}
 i - a potion of cancellation {unknown}
 j - 4 potions of brilliance
 k - 2 potions of invisibility {unknown}
 n - 3 potions of magic {unknown}
 o - 14 potions of curing
 p - 6 potions of haste
 u - 4 potions of lignification {unknown}
 w - 8 potions of heal wounds
 A - 4 potions of agility {unknown}
 G - a potion of berserk rage {unknown}
 Z - a potion of might {unknown}
Miscellaneous
 W - a phantom mirror
 Y - a fan of gales
Comestibles
 c - 33 rations
 t - 5 chunks of flesh


   Skills:
 + Level 15.0 Fighting
 - Level 16.0 Maces & Flails
 + Level 14.8 Armour
 - Level 4.7 Dodging
 + Level 14.0 Shields
 - Level 1.4 Evocations


You had 13 spell levels left.
You didn't know any spells.
Your spell library was empty.

Dungeon Overview and Level Annotations

Branches:
Dungeon (11/15)            Temple (0/1) D:5            Lair (6/6) D:8
 Shoals (0/4) Lair:3       Spider (0/4) Lair:4        Slime (0/5) Lair:6
    Orc (0/2) D:9

Altars:
Cheibriados
Dithmenos
Fedhas
Gozag
Nemelex Xobeh
Okawaru
Qazlal
Ru
Sif Muna
Trog
Uskayaw
Wu Jian
Xom
Yredelemnul
Zin
The Shining One

Shops:
D:4 :   D:10 [

Annotations:
D:7 exclusion: ice statue


Innate Abilities, Weirdness & Mutations

You reflexively headbutt those who attack you in melee.
You have a pair of horns on your head.


Message History

You feel as though you will be slow longer.
The moth of wrath goads the tyrant leech on!
The tyrant leech goes berserk!
The tyrant leech bites you!
* * * LOW HITPOINT WARNING * * *
The tyrant leech draws strength from your injuries!
The swamp worm bites you but does no damage.
You block the swamp worm's attack. The tyrant leech bites you.
* * * LOW HITPOINT WARNING * * *
The tyrant leech draws strength from your injuries!
The tyrant leech closely misses you. The swamp worm bites you!!
* * * LOW HITPOINT WARNING * * *
Unknown command.
You feel much better. You block the swamp worm's attack.
The swamp worm bites you!!
* * * LOW HITPOINT WARNING * * *
The swamp worm barely misses you.
The tyrant leech bites you but does no damage.
The tyrant leech bites you!!
You die...

..## #......(...
...# #..........
...# #P.........
..## ##.........
..# ##.........##
..# #...........#
..##
###..........#
...#
##...w.......##
...##
#.#.##@w......#.#
....#
#....wwwyw<....#.
..###
##........w......
...#
#..≈.≈≈≈w≈≈≈.PP.
...##
#.≈≈≈≈≈≈≈≈≈≈≈≈..
....#
#..≈≈≈#######≈≈≈.
...## ##.≈≈# ≈≈≈.
..## #≈≈≈ . ...#
#≈≈≈


You could see 4 tyrant leeches, a torpor snail, a moth of wrath and 3 swamp
worms.

Vanquished Creatures
  Josephine (Lair:6)
  9 hydras
  Harold (D:9)
  Erica (D:9)
  A catoblepas (Lair:6)
  7 death yaks
  An orb spider (Lair:4)
  Joseph (D:8)
  11 elephants
  11 black mambas
  9 spiny frogs
  A rime drake (Lair:4)
  4 komodo dragons
  13 polar bears
  A troll (D:11)
  7 hornets
  5 tyrant leeches (Lair:6)
  2 slime creatures (Lair:6)
  11 blink frogs (Lair:6)
  A dream sheep (Lair:6)
  15 hippogriffs
  18 spriggans
  3 wraiths (Lair:6)
  Sigmund (D:6)
  39 yaks
  2 wyverns
  2 hungry ghosts
  2 basilisks
  A human (D:11)
  Edmund (D:6)
  13 water moccasins
  7 porcupines
  An orc warrior (D:6)
  4 ice beasts
  A sky beast (D:9)
  4 black bears
  7 ogres
  31 wolves
  3 phantoms
  3 boggarts (Lair:6)
  A necrophage (D:11)
  6 centaurs
  17 crocodiles
  12 bullfrogs
  A big kobold (D:11)
  3 scorpions
  6 killer bees
  4 wights
  11 howler monkeys
  7 crimson imps
  3 centaur zombies
  3 bullfrog zombies
  A quasit (D:7)
  A centaur skeleton (D:5)
  3 jellies
  3 orc priests
  A bullfrog skeleton (D:5)
  2 gnoll shamans
  9 hounds
  4 orc wizards
  5 iguanas
  10 worker ants
  6 hell rats (Lair:6)
  A hound zombie (D:10)
  2 worker ant zombies
  A howler monkey skeleton (D:7)
  15 gnolls
  14 adders
  3 shadow imps
  3 oozes
  An adder skeleton (D:8)
  A worm (D:5)
  5 dart slugs
  4 leopard geckos
  30 orcs
  5 bats
  4 giant cockroaches
  7 hobgoblins
  2 jackals (D:4)
  5 quokkas
  4 frilled lizards
  3 goblins
  A jackal skeleton (D:8)
  11 kobolds
  A leopard gecko skeleton (D:8)
  A quokka zombie (D:9)
  5 rats
  A plant (Lair:3)
505 creatures vanquished.

Vanquished Creatures (collateral kills)
  A two-headed ogre (D:9)
  3 death yaks (D:8)
  Prince Ribbit (D:8)
  2 yaks (D:8)
  3 killer bees (D:8)
  An orc wizard (D:8)
  A gnoll (D:8)
  A shadow imp (D:8)
  An orc (D:8)
14 creatures vanquished.

Vanquished Creatures (others)
  An orc (D:11)
  2 fungi
  4 plants
7 creatures vanquished.

Grand Total: 526 creatures vanquished

Notes
Turn   | Place    | Note
-------+----------+-------------------------------------------
     0 | D:1      | Bitman the Minotaur Berserker began the quest for the Orb.
     0 | D:1      | Reached XP level 1. HP: 19/19 MP: 0/0
    60 | D:1      | Reached XP level 2. HP: 14/27 MP: 1/1
   308 | D:1      | Reached skill level 4 in Maces & Flails
   548 | D:1      | Reached XP level 3. HP: 27/33 MP: 2/2
   870 | D:2      | Found a stormy altar of Qazlal.
   979 | D:2      | Found a shimmering altar of Xom.
  1082 | D:2      | Found a snail-covered altar of Cheibriados.
  1088 | D:2      | Reached XP level 4. HP: 40/40 MP: 3/3
  1185 | D:2      | Reached ** piety under Trog
  1232 | D:2      | Found a bloodstained altar of Trog.
  1978 | D:3      | Reached skill level 5 in Maces & Flails
  2020 | D:3      | Found a shimmering altar of Xom.
  2021 | D:3      | Found a shimmering altar of Xom.
  2023 | D:3      | Found a shimmering altar of Xom.
  2046 | D:3      | Found a shimmering altar of Xom.
  2287 | D:3      | Reached XP level 5. HP: 47/47 MP: 4/4
  2699 | D:4      | Noticed an ogre
  2702 | D:4      | Killed an ogre
  2708 | D:4      | Reached XP level 6. HP: 55/55 MP: 5/5
  2854 | D:4      | Found Upli's Book Shoppe.
  2860 | D:4      | Reached skill level 5 in Fighting
  2860 | D:4      | Reached skill level 6 in Maces & Flails
  3127 | D:4      | Reached *** piety under Trog
  3641 | D:5      | Entered Level 5 of the Dungeon
  3646 | D:5      | Reached skill level 1 in Evocations
  3661 | D:5      | Found a deep blue altar of Sif Muna.
  3661 | D:5      | Found an ornate altar of the Wu Jian Council.
  3661 | D:5      | Found an opulent altar of Gozag.
  3735 | D:5      | Noticed an ice beast
  3743 | D:5      | Killed an ice beast
  3743 | D:5      | Reached XP level 7. HP: 61/61 MP: 6/6
  3805 | D:5      | Found a shadowy altar of Dithmenos.
  3828 | D:5      | Reached skill level 7 in Maces & Flails
  3828 | D:5      | Reached skill level 5 in Armour
  3935 | D:5      | Identified the cursed +3 whip "Ypietiv" {slash, rPois}
  4076 | D:5      | Found a shimmering altar of Xom.
  4224 | D:5      | Reached skill level 1 in Shields
  4224 | D:5      | Reached XP level 8. HP: 66/70 MP: 8/8
  4326 | D:5      | Reached skill level 8 in Maces & Flails
  4345 | D:5      | Found a sacrificial altar of Ru.
  4689 | D:5      | Found a staircase to the Ecumenical Temple.
  4950 | D:6      | Noticed Sigmund
  4956 | D:6      | Reached **** piety under Trog
  4959 | D:6      | Killed Sigmund
  4959 | D:6      | Reached skill level 9 in Maces & Flails
  5082 | D:6      | Reached XP level 9. HP: 68/79 MP: 9/9
  5178 | D:6      | Noticed Edmund
  5190 | D:6      | Killed Edmund
  5424 | D:6      | Found a glowing silver altar of Zin.
  5424 | D:6      | Noticed an angel
  5500 | D:6      | Upgraded the game from 0.24-a0-441-g27f0392 to
                  | 0.24-a0-443-g80245de
  5668 | D:7      | Reached skill level 10 in Maces & Flails
  5801 | D:7      | Found a sparkling altar of Nemelex Xobeh.
  5952 | D:7      | Noticed an ice statue
  6096 | D:7      | Reached skill level 5 in Shields
  6233 | D:7      | Found a hide-covered altar of Uskayaw.
  6373 | D:8      | Noticed Joseph
  6376 | D:8      | Noticed Prince Ribbit
  6382 | D:8      | Killed Joseph
  6382 | D:8      | Reached skill level 11 in Maces & Flails
  6398 | D:8      | Killed Prince Ribbit
  6398 | D:8      | Reached XP level 10. HP: 56/90 MP: 10/10
  6405 | D:8      | Noticed a death yak
  6405 | D:8      | Noticed a death yak
  6405 | D:8      | Noticed a death yak
  6408 | D:8      | Found a staircase to the Lair.
  6408 | D:8      | Killed a death yak
  6411 | D:8      | Killed a death yak
  6418 | D:8      | Killed a death yak
  6741 | D:8      | Found an iron altar of Okawaru.
  6785 | D:8      | Reached skill level 12 in Maces & Flails
  7372 | D:9      | Reached ***** piety under Trog
  7376 | D:9      | Found a glowing golden altar of the Shining One.
  7391 | D:9      | Noticed Erica
  7392 | D:9      | Found a staircase to the Orcish Mines.
  7397 | D:9      | Killed Erica
  7522 | D:9      | Noticed a two-headed ogre
  7525 | D:9      | Killed a two-headed ogre
  7536 | D:9      | Reached XP level 11. HP: 99/99 MP: 11/11
  7753 | D:9      | Noticed Harold
  7761 | D:9      | Killed Harold
  7761 | D:9      | Reached skill level 13 in Maces & Flails
  7943 | D:10     | Entered Level 10 of the Dungeon
  7971 | D:10     | Reached skill level 10 in Fighting
  8186 | D:10     | Found Exzelut's Antique Armour Shoppe.
  8203 | D:10     | Got a pair of blackened gloves
  8214 | D:10     | Identified the +0 pair of gloves "Zyextit" {Str+4} (You
                  | found it on level 10 of the Dungeon)
  8801 | D:11     | Noticed an eight-headed hydra
  8809 | D:11     | Killed an eight-headed hydra
  8822 | D:11     | Reached skill level 10 in Armour
  8867 | D:11     | Received a gift from Trog
  9114 | D:11     | Found a blossoming altar of Fedhas.
  9390 | Lair:1   | Entered Level 1 of the Lair of Beasts
  9660 | Lair:1   | Identified a scroll of acquirement
  9682 | Lair:1   | Noticed a four-headed hydra
  9688 | Lair:1   | Killed a four-headed hydra
  9688 | Lair:1   | Reached skill level 14 in Maces & Flails
 10406 | Lair:2   | Reached XP level 12. HP: 96/110 MP: 12/12
 10446 | Lair:2   | Noticed a five-headed hydra
 10454 | Lair:2   | Killed a five-headed hydra
 10948 | Lair:2   | Reached skill level 15 in Maces & Flails
 10967 | Lair:2   | Reached skill level 10 in Shields
 11386 | Lair:3   | Received a gift from Trog
 11951 | Lair:3   | Reached skill level 16 in Maces & Flails
 12024 | Lair:3   | Found a staircase to the Shoals.
 12159 | Lair:3   | Reached XP level 13. HP: 118/118 MP: 13/13
 12522 | Lair:4   | Upgraded the game from 0.24-a0-443-g80245de to
                  | 0.24-a0-446-g87df720
 13152 | Lair:4   | Found a hole to the Spider Nest.
 14530 | Lair:6   | Entered Level 6 of the Lair of Beasts
 14555 | Lair:6   | Noticed Josephine
 14557 | Lair:6   | Received a gift from Trog
 14565 | Lair:6   | Killed Josephine
 14572 | Lair:6   | Reached XP level 14. HP: 104/132 MP: 14/14
 15316 | Lair:6   | Found a basalt altar of Yredelemnul.
 15477 | Lair:6   | Reached ****** piety under Trog
 15580 | Lair:6   | Received a gift from Trog
 15619 | Lair:6   | Found a staircase to the Slime Pits.
 15800 | Lair:6   | Identified Voite's Incunabulum of the Arsonist and the
                  | Escort
 16004 | Lair:6   | Reached skill level 15 in Fighting
 16039 | Lair:6   | HP: 1/135 [swamp worm (34)]
 16040 | Lair:6   | Demolished by a tyrant leech

Levels and vault maps discovered:
D:1:      dpeg_arrival_court, layout_basic, chequers_serial_rivers_micro_b
D:2:      layout_loops_corners, old_standard_altar, lightli_temple_of_fire,
          kennysheep_slug_shrine, first_ration, grunt_qazlal_sundering
D:3:      layout_rooms, xom_redecorated
D:4:      layout_cave_pods, serial_shops, nicolae_shop_stone
D:5:      layout_loops_corners, gammafunk_temple_overflow_forgotten,
          old_standard_altar, kennysheep_mini, minmay_temple_entry_proselytizer,
          basic_altar, hangedman_minor_gate_pass
D:6:      layout_rooms, zin_angel, uniq_sigmund, uniq_edmund
D:7:      lemuel_ice_statue, layout_loops_ring, lemuel_doored_altar,
          lemuel_coloured_pillars_altar
D:8:      layout_rooms, lemuel_crystal_altar, dpeg_lair_monsters,
          enter_bailey_8, uniq_prince_ribbit1, uniq_joseph
D:9:      layout_loops_cross, lemuel_crystal_altar, david_orc_3,
          grunt_ministairs_4, uniq_erica, uniq_harold
D:10:     layout_rooms, serial_shops, shop
D:11:     layout_cave_pools, hangedman_stone_soup, fedhas_altar_3
Lair:1:   layout_chaotic_city
Lair:2:   beast_lair_carwin_large_1, layout_chaotic_city
Lair:3:   cheibrodos_lair_river_kwai, layout_chaotic_city, shoals_dummy_entry,
          beast_lair_carwin_3
Lair:4:   layout_small_grid, nicolae_spider_entry_orb_guardian
Lair:5:   layout_regular_city, forest_entry_grove, grunt_megastairs_1
Lair:6:   minmay_lair_end_enchanted_forest, layout_big_grid,
          minmay_slime_entry_pillars, basic_altar, worms_lemuel, uniq_josephine

Skill      XL: |  1  2  3  4  5  6  7  8  9 10 11 12 13 14 |
---------------+-------------------------------------------+-----
Maces & Flails | 4 5 6 7 9 11 12 14 16 | 16.0
Fighting       | 4 5 6 7 8 9 11 12 14 15 | 15.0
Armour         | 3 4 5 6 8 9 10 12 13 14 | 14.8
Dodging        | 3 4 |  4.7
Evocations     | 1 |  1.4
Shields        | 1 3 5 7 9 10 12 14 | 14.0

Action                   |  1- 3 |  4- 6 |  7- 9 | 10-12 | 13-15 || total
-------------------------+-------+-------+-------+-------+-------++-------
Melee: Mace              |    62 |   109 |       |       |       ||   171
       Headbutt          |    12 |    20 |    53 |    94 |    88 ||   267
       Flail             |       |    20 |    17 |       |       ||    37
       Morningstar       |       |       |   237 |   198 |       ||   435
       Eveningstar       |       |       |       |   235 |   463 ||   698
Throw: Stone             |     7 |       |       |       |       ||     7
Invok: Berserk           |     1 |     3 |     4 |     5 |     6 ||    19
       Brothers in Arms  |       |       |     1 |     1 |       ||     2
       Trog's Hand       |       |       |       |     1 |     1 ||     2
 Abil: Stop Flying       |       |       |       |     1 |       ||     1
  Use: Scroll            |       |       |     8 |    15 |     1 ||    24
       Potion            |       |       |       |     1 |     3 ||     4
 Stab: Distracted        |       |     1 |       |       |       ||     1
  Eat: Ration            |     1 |     1 |     1 |     5 |       ||     8
       Chunk             |       |     7 |     7 |    12 |    18 ||    44
Armor: Animal skin       |    11 |     1 |       |       |       ||    12
       Ring mail         |       |    46 |     4 |       |       ||    50
       Scale mail        |       |       |    12 |       |       ||    12
       Chain mail        |       |       |    34 |       |       ||    34
       Plate armour      |       |       |    51 |   178 |   199 ||   428
Dodge: Dodged            |    44 |    87 |   107 |   189 |   173 ||   600
Block: Shield            |       |       |   109 |   304 |   315 ||   728

Table legend:
 A = Non-vault XP
 B = Vault XP
 C = Vault XP percentage of total XP
 D = Non-vault monster count
 E = Vault monster count
 F = Vault count percentage of total count
                 A         B        C        D         E       F
            +---------+---------+-------+---------+---------+-------
      Total |   57630 |   29052 |  33.5 |     387 |     131 |  25.3
            +---------+---------+-------+---------+---------+-------
        D:1 |      55 |       0 |   0.0 |      22 |       0 |   0.0
        D:2 |      80 |       4 |   4.8 |      14 |       1 |   6.7
        D:3 |      87 |       0 |   0.0 |      17 |       0 |   0.0
        D:4 |     426 |       0 |   0.0 |      17 |       0 |   0.0
        D:5 |     894 |     353 |  28.3 |      24 |       7 |  22.6
        D:6 |    1008 |     387 |  27.7 |      19 |       2 |   9.5
        D:7 |    1011 |       0 |   0.0 |      31 |       0 |   0.0
        D:8 |    1658 |    2351 |  58.6 |      36 |       8 |  18.2
        D:9 |    1758 |    2196 |  55.5 |      12 |      13 |  52.0
       D:10 |    1074 |       0 |   0.0 |      20 |       0 |   0.0
       D:11 |    2591 |     356 |  12.1 |      16 |       3 |  15.8
     Lair:1 |    2718 |       0 |   0.0 |       8 |       0 |   0.0
     Lair:2 |    8122 |    1891 |  18.9 |      33 |       8 |  19.5
     Lair:3 |    6560 |    3480 |  34.7 |      25 |      12 |  32.4
     Lair:4 |    8533 |     632 |   6.9 |      24 |       1 |   4.0
     Lair:5 |   10039 |    2606 |  20.6 |      18 |      14 |  43.8
     Lair:6 |   11016 |   14796 |  57.3 |      51 |      62 |  54.9
            +---------+---------+-------+---------+---------+-------
